 Dungeon Crawl Stone Soup version 0.27-a0-965-gbf8bb431c4 (webtiles) character file.

Game seed: 10852587479141944598

32 siradein the Stinger (level 3, -2/24 HPs)
             Began as a Demonspawn Venom Mage on Apr 13, 2021.
             Killed from afar by an orc wizard (7 damage)
             ... with a magic dart
             ... on level 1 of the Dungeon.
             The game lasted 00:06:00 (1694 turns).

siradein the Stinger (Demonspawn Venom Mage)        Turns: 1694, Time: 00:06:00

Health: -2/24      AC:  8    Str:  8    XL:     3   Next: 10%
Magic:  1/7        EV: 12    Int: 17    God:
Gold:   86         SH:  0    Dex: 13    Spells: 4/7 levels left

rFire    . . .     SeeInvis .   (no weapon)
rCold    . . .     Faith    .   (no shield)
rNeg     . . .     Spirit   .   a - +0 robe
rPois    .         Reflect  .   (no helmet)
rElec    .         Harm     .   (no cloak)
rCorr    .         Rampage  .   (no gloves)
Will     .....                  (no boots)
Stlth    +.........             (no amulet)
HPRegen  0.08/turn              (no ring)
MPRegen  0.10/turn              (no ring)

@: confused, sanguine armoured
A: foul stench 1, sanguine armour 1
a: no special abilities


You were on level 1 of the Dungeon.
You visited 1 branch of the dungeon, and saw 2 of its levels.

You collected 86 gold pieces.

Inventory:

Armour
 a - a +0 robe (worn)
Scrolls
 b - a scroll of summoning {unknown}


   Skills:
 - Level 1.7 Dodging
 - Level 1.7 Stealth
 + Level 2.7 Spellcasting
 - Level 0.8 Transmutations
 + Level 3.6 Poison Magic


You had 4 spell levels left.
You knew the following spells:

 Your Spells              Type           Power      Damage    Failure   Level
a - Sting                 Tmut/Pois      40%        1d5       7%          1
b - Poisonous Vapours     Pois/Air       16%        N/A       13%         2

Your spell library contained the following spells:

 Spells                   Type           Power      Damage    Failure   Level
 Ignite Poison            Fire/Tmut/Pois 7%         N/A       28%         3
 Mephitic Cloud           Conj/Pois/Air  6%         N/A       32%         3
 Olgreb's Toxic Radiance  Pois           14%        N/A       36%         4


Dungeon Overview and Level Annotations

Branches:
Dungeon (2/15)

Altars:

Shops:
D:2 ?


Innate Abilities, Weirdness & Mutations

You may rarely emit foul miasma when damaged in melee.
When seriously injured, your bleeding wounds create armour. (AC +6)


Message History

The orc wizard hits you but does no damage.
Aiming: Sting (safe; 7% risk of failure)
Press: ? - help, Q - select action, (/) - cycle Shift-Dir - straight line, f/p - orc wizard
Aim: an orc wizard, wielding a +0 dagger of holy wrath and wearing a +0 robe (moderately wounded, poisoned, 36% to evade)
The sting hits the orc wizard.
The orc wizard looks even sicker.
The orc wizard is moderately wounded.
The orc wizard completely misses you.
There is a stone staircase leading up here.
The orc wizard barely misses you.
You climb upwards.
Your magical contamination has completely faded away.
There is a stone staircase leading down here.
Aiming: Sting (safe; 7% risk of failure)
Press: ? - help, Q - select action, (/) - cycle Shift-Dir - straight line, f - orc wizard
Aim: an orc wizard, wielding a +0 dagger of holy wrath and wearing a +0 robe (heavily wounded, very poisoned, 36% to evade)
The sting hits the orc wizard but does no damage.
The orc wizard looks even sicker.
The orc wizard is heavily wounded.
Your blood armour dries and flakes away.
The orc wizard barely misses you.
The orc wizard hits you with a +0 dagger of holy wrath.
Your blood congeals into armour.
You convulse.
The orc wizard casts a spell at you.
You are confused.
The orc wizard gestures at you while chanting.
The puff of flame hits you.
* * * LOW HITPOINT WARNING * * *
You bump into the rock wall.
You bump into the rock wall.
You bump into the rock wall.
The orc wizard hits you but does no damage.
You miss the orc wizard.
The orc wizard is severely wounded.
You feel less confused. The orc wizard closely misses you.
The orc wizard gestures at you while chanting.
You are confused.
The orc wizard points at you and mumbles some strange words.
The magic dart hits you!
You die...

### ##.## ##.#.########
#.#.........# ######
##...######.# .....#
###.#####...#
####.###..>..o..@..##########
#.......#####............#
#####.### #...########.#####
########.#
##.#...............
.........##
#.............#####
########..# ##.###.#########
# ##.# #..# #....# #
#######.####..###.##.# #
######.....#####..##.#


You could see an orc wizard (poisoned).

Vanquished Creatures
  An adder (D:2)
  2 worms (D:1)
  3 orcs (D:2)
  An endoplasm (D:1)
  3 hobgoblins (D:2)
  A quokka (D:1)
  2 ball pythons (D:1)
  A frilled lizard (D:2)
  2 kobolds (D:1)
16 creatures vanquished.

Notes
Turn   | Place    | Note
-------+----------+-------------------------------------------
     0 | D:1      | siradein the Demonspawn Venom Mage began the quest for the
                  | Orb.
     0 | D:1      | Reached XP level 1. HP: 13/13 MP: 3/3
   506 | D:1      | Found a faded altar of an unknown god.
   755 | D:1      | Gained mutation: You may rarely emit foul miasma when
                  | damaged in melee. [demonic ancestry]
   755 | D:1      | Reached XP level 2. HP: 19/19 MP: 0/5
   973 | D:2      | Found Allikkus's Magic Scroll Boutique.
  1604 | D:2      | Gained mutation: When seriously injured, your bleeding
                  | wounds create armour. (AC +6) [demonic ancestry]
  1604 | D:2      | Reached XP level 3. HP: 24/24 MP: 4/7
  1615 | D:1      | Learned a level 2 spell: Poisonous Vapours
  1694 | D:1      | Killed from afar by an orc wizard

Illustrated notes

Levels and vault maps discovered:
D:1:      minmay_arrival_glassed_features, layout_loops_ring,
          ebering_ecumenical_altar_sacrificial
D:2:      layout_basic, serial_shops, shop, minmay_pentomino_r2

Action                   || total
-------------------------++-------
Melee: Unarmed           ||     2
 Cast: Sting             ||    46
       Poisonous Vapours ||     1
Armor: Robe              ||     5
Dodge: Dodged            ||    19

Table legend: (Time is in decaauts)
 A = Elapsed time spent in this place.
 B = Non-inter-level travel time spent in this place.
 C = Inter-level travel time spent in this place.
 D = Time resting spent in this place.
 E = Time spent auto-exploring this place.
 F = Levels seen in this place.
 G = Mean time per level.
                   A        B        C        D        E       F      G
               +--------+--------+--------+--------+--------+-----+--------+
         Total |   1698 |   1662 |     36 |    318 |   1076 |   2 |  849.0 |
       Dungeon |   1698 |   1662 |     36 |    318 |   1076 |   2 |  849.0 |
               +--------+--------+--------+--------+--------+-----+--------+

Top non-repeatable levels by time:
     D:1: 1119 daAuts
     D:2: 578 daAuts
